 Dungeon Crawl Stone Soup version 0.31-a0-828-gb7646bb5e3 (webtiles) character file.

Game seed: 16403346327997783176

159 Descartes the Changeling (level 5, 0/22 HPs)
             Began as a Felid Shapeshifter on Sept 23, 2023.
             Killed by nerve-wracking pain
             ... invoked by Grinder
              (4 damage)
             ... on level 3 of the Dungeon.
             The game lasted 00:03:49 (2296 turns).

Descartes the Changeling (Felid Shapeshifter)       Turns: 2296, Time: 00:03:50

Health: 0/22       AC:  1    Str: 12    XL:     5   Next: 17%
Magic:  7/7        EV: 18    Int: 11    God:
Gold:   130        SH:  0    Dex: 16    Spells: 6/6 levels left
                                        Lives:  0   Deaths: 2

rFire   . .          .
                       - Unarmed
rCold   . . .        (shield unavailable)
rNeg    . . .        (body armour unavailable)
rPois   .            (helmet unavailable)
rElec   .            (cloak unavailable)
rCorr   .            (gloves unavailable)
SInv    +            (boots unavailable)
Will    .....        (no amulet)
Stlth   ++           (no ring)
HPRegen 0.23/turn    (no ring)
MPRegen 0.10/turn

%: no passive effects
@: mighty, beast-form, weak-willed, quick
A: beast (slay +2), very small, claws 1, fangs 3, see invisible, speed 1, shaggy
fur 1, stealthy paws, no weapons or thrown items, no armour, multi-lived
a: Begin Untransformation


You were on level 3 of the Dungeon.
You were a hulking beast.
You visited 1 branch of the dungeon, and saw 3 of its levels.

You collected 130 gold pieces.

Inventory:

Jewellery
 d - an amulet of faith
 l - a ring of fire
Talismans
 b - a beast talisman (active)
 c - a flux talisman
Scrolls
 e - a scroll of amnesia
 g - a scroll of brand weapon {unknown}
 i - a scroll of poison {unknown}
 k - a scroll of teleportation {unknown}
 m - a scroll of acquirement {unknown}
Potions
 a - 2 potions of lignification
 n - a potion of magic {unknown}


   Skills:
 + Level 2.2 Fighting
 + Level 3.7 Dodging
 + Level 2.3 Stealth
 + Level 3.5 Unarmed Combat
 + Level 1.1 Spellcasting
 + Level 2.1 Translocations
 + Level 3.8 Shapeshifting


You had 6 spell levels left.
You didn't know any spells.
Your spell library contained the following spells:

 Spells                   Type           Power      Damage    Failure   Level
 Blink                    Tloc           10%        N/A       21%         2
 Manifold Assault         Tloc           5%         N/A       80%         4


Dungeon Overview and Level Annotations

Branches:
Dungeon (3/15)

Altars:
Sif Muna
Vehumet
Wu Jian

Annotations:
D:3 Grinder


Innate Abilities, Weirdness & Mutations

You are a hulking beast.
Your limbs bulge with bestial killing power. (Slay +2)
You have sharp claws.
You have razor-sharp teeth.
You have supernaturally acute eyesight. (SInv)
You cover ground quickly. (Speed+)
You are covered in fur. (AC +1)
Your paws help you pounce on unaware monsters.
You are incapable of wielding weapons or throwing items.
You cannot wear armour.
You gain extra lives every three experience levels.


Message History

Grinder shouts!
Grinder says, "Mostly I couldn't keep them alive."
Grinder is nearby!
Okay, then.
As you read the scroll labelled ZIXTUHE YKLUUH, it crumbles to dust.
It is a scroll of amnesia.
You feel forgetful for a moment. Grinder gestures at you.
You suddenly lose the ability to move!
Grinder says, "I used to sell toenails on the black market."
Grinder gestures at you.
You struggle to resist.
Grinder says, "FISH!"
You can move again.
As you read the scroll labelled TUCEUSUASS, it crumbles to dust.
Magic quickly surges around you.
It was a scroll of vulnerability.
Grinder hits you!
Ouch! That really hurt!
You writhe in agony.
* * * LOW HITPOINT WARNING * * *
Okay, then.
It was a potion of curing.
You feel better. Grinder gestures at you. Pain shoots through your body!
You completely miss Grinder. Grinder closely misses you.
You closely miss Grinder. You scratch Grinder.
Grinder is lightly wounded.
Grinder blinks!
Grinder gestures at you. Pain shoots through your body!
Ouch! That really hurt!
* * * LOW HITPOINT WARNING * * *
Unknown command.
It was a potion of might.
You feel very mighty all of a sudden. Grinder gestures at you.
Pain shoots through your body!
You die...
Grinder says, "Now the real fun starts!"

#######.. ##### #.....#.# #...#
##.....#.#### # #.#.#
######...[........ #
####.#.####...........#.###. ###.
#....#....#.##....###.#.# #. ....
#.#######........## ##..###. ####
#....#....#.###..# #...... #
#####.#.#..#h# ##.## #.####. #
#............####..###.## #. ###
#.####^####.5........ # #. ..#
#.# ..... #..###...### #####. ..#
#.#.......#.###.....## #..... ..#
#.#.......#.##......<###.##..
#####)#..._...^.#.........##.#...
...†..#.......#.'.........'......
#.##..#.......#.#.........##.#..#


You could see Grinder (weak-willed).

Vanquished Creatures
  An orc priest (D:3)
  Natasha (D:3)
  Robin (D:3)
  An adder (D:2)
  An ufetubus (D:2)
  A worm (D:2)
  2 dart slugs
  2 orcs (D:3)
  6 ball pythons
  4 bats
  6 endoplasms
  A giant cockroach (D:1)
  15 goblins
  5 hobgoblins
  3 jackals (D:1)
  5 kobolds
  A quokka (D:1)
  2 frilled lizards (D:1)
  9 rats
67 creatures vanquished.

Notes
Turn   | Place    | Note
-------+----------+-------------------------------------------
     0 | D:1      | Descartes the Felid Shapeshifter began the quest for the
                  | Orb.
     0 | D:1      | Reached XP level 1. HP: 9/9 MP: 2/2
    94 | D:1      | Reached XP level 2. HP: 12/12 MP: 3/3
   142 | D:1      | Reached skill level 1 in Stealth
   598 | D:1      | Reached XP level 3. HP: 15/15 MP: 4/4
   843 | D:2      | Succumbed to an adder's poison
   857 | D:2      | Reached skill level 1 in Translocations
  1076 | D:2      | Reached XP level 4. HP: 19/19 MP: 6/6
  1408 | D:3      | Found an ornate altar of the Wu Jian Council.
  1409 | D:3      | Found a radiant altar of Vehumet.
  1481 | D:3      | Noticed Natasha
  1487 | D:3      | Killed Natasha
  1490 | D:3      | Found a shimmering blue altar of Sif Muna.
  1497 | D:3      | Noticed Grinder
  1498 | D:3      | Paralysed by Grinder for 3 turns
  1746 | D:3      | Noticed Robin
  1807 | D:3      | Killed Robin
  1808 | D:3      | Reached skill level 1 in Spellcasting
  2081 | D:3      | Slain by Grinder
  2174 | D:3      | Reached XP level 5. HP: 11/22 MP: 7/7
  2282 | D:3      | Paralysed by Grinder for 5 turns
  2296 | D:3      | Killed from afar by Grinder

Illustrated notes

Levels and vault maps discovered:
D:1:      lightli_arrival_isolated_outpost, layout_loops_ring, serial_rivers,
          chequers_serial_rivers_small_3, chequers_serial_rivers_large_b,
          chequers_serial_rivers_room_a, chequers_serial_rivers_small_b
D:2:      layout_basic, dk_noncrumbling_3
D:3:      layout_loops_corners, lemuel_tele_altar,
          mainiacjoe_overflow_catwalk_spiral, minivault_19, uniq_natasha,
          uniq_robin, uniq_grinder

Skill      XL: |  1  2  3  4 |
---------------+-------------+-----
Stealth        | 1 2 |  2.3
Dodging        | 3 |  3.7
Translocations | 1 2 |  2.1
Fighting       | 2 |  2.2
Spellcasting   | 1 |  1.1
Unarmed Combat | |  3.5
Shapeshifting  | |  3.8

Action                     |  1- 3 |  4- 6 || total
---------------------------+-------+-------++-------
  Melee: Unarmed           |    86 |    57 ||   143
         Bite              |     7 |     1 ||     8
    Use: Scroll            |       |     2 ||     2
         Potion            |       |     2 ||     2
   Stab: Sleeping          |     8 |     1 ||     9
 Armour: Skin              |    22 |    14 ||    36
  Dodge: Dodged            |    54 |    40 ||    94

Table legend: (Time is in decaauts)
 A = Elapsed time spent in this place.
 B = Non-inter-level travel time spent in this place.
 C = Inter-level travel time spent in this place.
 D = Time resting spent in this place.
 E = Time spent auto-exploring this place.
 F = Levels seen in this place.
 G = Mean time per level.
                   A        B        C        D        E       F      G
               +--------+--------+--------+--------+--------+-----+--------+
         Total |   1944 |   1887 |     57 |      0 |   1482 |   3 |  648.0 |
       Dungeon |   1944 |   1887 |     57 |      0 |   1482 |   3 |  648.0 |
               +--------+--------+--------+--------+--------+-----+--------+

Top non-repeatable levels by time:
     D:3: 733 daAuts
     D:1: 708 daAuts
     D:2: 502 daAuts
